 Dungeon Crawl Stone Soup version 0.31.0-11-ge490571c62 (webtiles) character file.

Game seed: 17279323350457819788

12 mopl the Caller (level 2, -1/15 HPs)
             Began as a Tengu Summoner on Feb 5, 2024.
             Slain by a goblin
             ... wielding a +0 dagger
              (4 damage)
             ... on level 1 of the Dungeon.
             The game lasted 00:00:29 (302 turns).

mopl the Caller (Tengu Summoner)                     Turns: 302, Time: 00:00:30

Health: -1/15      AC:  2    Str:  8    XL:     2   Next: 33%
Magic:  6/6        EV: 12    Int: 15    God:
Gold:   30         SH:  0    Dex: 14    Spells: 2/5 levels left

rFire   . . .        (no weapon)
rCold   . . .        (no shield)
rNeg    . . .        a - +0 robe
rPois   .            (helmet restricted)
rElec   .            (no cloak)
rCorr   .            (no gloves)
SInv    .            (boots unavailable)
Will    .....        (no amulet)
Stlth   ++           (no ring)
HPRegen 0.22/turn    (no ring)
MPRegen 0.10/turn

%: acrobat
@: no status effects
A: beak, talons 3, acrobatic
a: no special abilities


You were on level 1 of the Dungeon.
You visited 1 branch of the dungeon, and saw 1 of its levels.

You collected 30 gold pieces.

Inventory:

Armour
 a - a +0 robe (worn)
Scrolls
 d - a scroll of silence {unknown}
 e - a scroll of teleportation {unknown}
 f - 5 scrolls of identify {unknown}
 g - a scroll of fear {unknown}
Potions
 b - a potion of magic
 c - a potion of enlightenment {unknown}


   Skills:
 - Level 2.1 Dodging
 - Level 2.0 Stealth
 + Level 2.4 Spellcasting
 + Level 5.2 Summonings


You had 2 spell levels left.
You knew the following spells:

 Your Spells              Type           Power      Damage    Failure   Level
a - Summon Small Mammal   Summ           68%        N/A       2%          1
b - Call Imp              Summ           34%        N/A       3%          2

Your spell library contained the following spells:

 Spells                   Type           Power      Damage    Failure   Level
 Call Canine Familiar     Summ           17%        N/A       8%          3
 Summon Blazeheart Golem  Fire/Summ      9%         N/A       58%         4
 Summon Lightning Spire   Summ/Air       9%         N/A       58%         4


Dungeon Overview and Level Annotations

Branches:
Dungeon (1/15)

Altars:


Innate Abilities, Weirdness & Mutations

You have a beak for a mouth.
You have claws for feet.
You can magically evade attacks while moving or waiting.


Message History

You barely miss the kobold. The kobold hits you with a +0 dagger.
You closely miss the kobold. The kobold barely misses you.
The goblin barely misses you.
You closely miss the kobold. Your kick misses the kobold.
Your peck misses the kobold. The goblin hits you with a +0 dagger.
The kobold closely misses you.
You hit the kobold.
The kobold is moderately wounded.
The kobold closely misses you. The goblin hits you with a +0 dagger.
You hit the kobold but do no damage. Your kick misses the kobold.
The kobold is moderately wounded.
The kobold hits you with a +0 dagger. The goblin barely misses you.
You barely miss the kobold. You claw the kobold, but do no damage.
You peck the kobold.
The kobold is heavily wounded.
The kobold hits you with a +0 dagger. The goblin hits you with a +0 dagger.
You are too injured to fight recklessly!
You are too injured to fight recklessly!
The goblin closely misses you.
You hit the kobold but do no damage. Your peck misses the kobold.
The kobold is moderately wounded.
The kobold barely misses you.
You hit the kobold but do no damage.
The kobold is moderately wounded.
The kobold hits you with a +0 dagger.
You hit the kobold. You claw the kobold, but do no damage.
Your peck misses the kobold.
The kobold is severely wounded.
The kobold hits you with a +0 dagger.
* * * LOW HITPOINT WARNING * * *
You barely miss the kobold. Your kick misses the kobold.
The kobold is severely wounded.
The kobold hits you with a +0 dagger.
* * * LOW HITPOINT WARNING * * *
You hit the kobold.
You kill the kobold!
You hit the goblin. Your kick misses the goblin.
The goblin is moderately wounded.
The goblin hits you with a +0 dagger.
You die...

#########..........########).....
#..........# ..####. #......#####
#. #..... #.....## ... ...###
#....## ##.#...#
#.##.########...... .
#.##.##........... ##
#..#.##.##........ ##
#....@g........ #.....###........
#....## #........ ######
#........ #........ #........
#........ #########


You could see a goblin.

Vanquished Creatures
  A dart slug (D:1)
  An endoplasm (D:1)
  A goblin (D:1)
  2 ball pythons (D:1)
  2 bats (D:1)
  A frilled lizard (D:1)
  2 kobolds (D:1)
10 creatures vanquished.

Notes
Turn   | Place    | Note
-------+----------+-------------------------------------------
     0 | D:1      | mopl the Tengu Summoner began the quest for the Orb.
     0 | D:1      | Reached XP level 1. HP: 10/10 MP: 4/4
   136 | D:1      | Reached skill level 5 in Summonings
   177 | D:1      | Reached XP level 2. HP: 10/15 MP: 6/6
   185 | D:1      | Learned a level 2 spell: Call Imp
   302 | D:1      | Slain by a goblin

Illustrated notes

Levels and vault maps discovered:
D:1:      sevenhm_arrival_forest_fort_large_4, layout_rooms,
          minmay_misc_feat_nine_boxes, minmay_misc_feat_plants,
          chequers_serial_rivers_small_a

Skill      XL: |  1 |
---------------+----+-----
Summonings     | 5 |  5.2
Dodging        | |  2.1
Stealth        | |  2.0
Spellcasting   | |  2.4

Action                     || total
---------------------------++-------
  Melee: Unarmed           ||    45
         Kick              ||    11
         Peck              ||     6
   Stab: Sleeping          ||     1
 Armour: Robe              ||    22
  Dodge: Dodged            ||    36
